 Dungeon Sprint DCSS version 0.26-a0-1021-gda264ca44c (webtiles) character file.

Game seed: 13025897853296347501

19091 sahdkjhfkaj the Champion of Chaos (level 12, -3/122 HPs)
             Began as a Deep Dwarf Fighter on Dec 9, 2020.
             Was the Champion of Makhleb.
             Slain by a tyrant leech (16 damage)
             ... in the Dungeon (Sprint IX: "|||||||||||||||||||||||||||||").
             The game lasted 00:04:34 (1507 turns).

sahdkjhfkaj the Champion of Chaos (DDFi)            Turns: 1507, Time: 00:04:35

Health: -3/122     AC: 37    Str: 24    XL:     12   Next: 33%
Magic:  18/18      EV: 11    Int: 13    God:    Makhleb [******]
Gold:   175        SH:  0    Dex: 12    Spells: 11/11 levels left

rFire    . . .     SeeInvis .   a - +0 triple sword
rCold    . . .     Faith    .   (shield currently unavailable)
rNeg     . . .     Spirit   .   x - +8 orange crystal plate armour {Archmagi, Int+3 Clar}
rPois    +         Reflect  .   (no helmet)
rElec    .         Harm     .   p - +1 cloak
rCorr    .         Rampage  .   n - +1 pair of gloves
Will     ++...     Clarity  +   o - +0 pair of boots Stlth ..........NoTele +
                                (no amulet)
HPRegen  0.00/turn              z - ring of willpower
MPRegen  0.16/turn              y - ring of poison resistance

@: non-regenerating
A: damage resistance, heal wounds, sense surroundings 2, no regeneration
a: Heal Wounds, Minor Destruction, Lesser Servant of Makhleb, Major Destruction,
Greater Servant of Makhleb, Renounce Religion


You were in the Dungeon.
You worshipped Makhleb.
Makhleb was exalted by your worship.
You visited 1 branch You collected 1909 gold pieces.
You spent 1734 gold pieces at shops.

Inventory:

Hand Weapons
 a - a +0 triple sword (weapon)
Armour
 n - a +1 pair of gloves (worn)
 o - a +0 pair of boots (worn)
 p - a +1 cloak (worn)
 x - the +8 orange crystal plate armour (worn) {Archmagi, Int+3 Clar}
   (You bought it in a shop in the Dungeon)

   It affects your intelligence (+3).
   It protects you against confusion.
Jewellery
 b - a +2 ring of evasion
 q - a +3 ring of intelligence
 y - a ring of poison resistance (right hand)
 z - a ring of willpower (left hand)
 A - an uncursed ring of protection from fire
Wands
 m - a wand of acid (10)
 v - a wand of random effects (26)
Scrolls
 j - 2 scrolls of blinking
 k - 5 scrolls of remove curse
 l - 2 scrolls of amnesia
 r - 2 scrolls of fear
 s - 3 scrolls of fog
 t - 3 scrolls of enchant armour
 C - a scroll of identify
Potions
 c - 2 potions of mutation
 d - a potion of might
 e - 9 potions of curing
 f - 11 potions of heal wounds
 g - 2 potions of haste
 h - 4 potions of magic
 i - a potion of invisibility
 u - a potion of brilliance
 w - a potion of degeneration {unknown}
 B - a potion of berserk rage


   Skills:
 - Level 12.2 Fighting
 - Level 17.4 Long Blades
 - Level 14.2 Armour
 - Level 13.8 Dodging
 - Level 3.2 Shields
 + Level 17.9 Invocations


You had 11 spell levels left.
You didn't know any spells.
Your spell library was empty.

Dungeon Overview and Level Annotations

Branches:
Dungeon (1/1)

Altars:
Cheibriados
Dithmenos
Elyvilon
Fedhas
Gozag
Hepliaklqana
Kikubaaqudgha
Makhleb
Nemelex Xobeh
Okawaru
Qazlal
Ru
Sif Muna
Trog
Uskayaw
Vehumet
Wu Jian
Xom
Yredelemnul
Zin
The Shining One
Beogh
Jiyva
Lugonu

Shops:
D [=!*


Innate Abilities, Weirdness & Mutations

You are resistant to damage.
You can heal yourself by infusing magical energy.
You passively map the area around you.
You do not regenerate.


Message History

You slash the eleionoma!
The eleionoma is heavily wounded.
You are hit by a branch.
The tyrant leech completely misses you.
The eleionoma hurls a spray of splinters at you.
The spray of wooden splinters hits you but does no damage.
Unknown command.
You slice the eleionoma!!
The eleionoma is almost dead.
A tree reaches out and hits you!
* * * LOW HITPOINT WARNING * * *
The will-o-the-wisp gestures.
The will-o-the-wisp conjures some foxfire!
The eleionoma touches a tree and draws upon its vitality.
The eleionoma is healed.
The tyrant leech bites you but does no damage.
You barely miss the eleionoma. A root smacks you from below.
The eleionoma hurls a spray of splinters at you.
The spray of wooden splinters hits you but does no damage.
The tyrant leech bites you!!
You die...

)))).........))))).............▓
▓▓▓▓▓▓▓▓▓▓▓▓▓▓▓▓▓▓▓▓▓▓▓▓▓▓▓▓▓▓▓▓
...............................▓
▓▓▓▓▓▓▓▓▓▓▓▓▓▓▓▓▓▓▓▓▓▓▓▓▓▓▓▓▓▓.▓
[[.[[[[.))))))))."...'.........▓
▓▓▓▓▓▓▓▓▓▓▓▓▓▓▓▓▓▓▓▓▓▓▓▓▓▓▓▓▓▓▓▓
...............................▓
▓▓▓▓▓▓♣♣♣♣♣♣♣♣♣R▓▓▓▓▓▓▓▓▓▓▓▓▓▓.▓
,, vwiwnxw@..............▓ *** *
♣♣♣♣♣♣♣▓▓▓▓▓▓▓▓▓▓▓▓▓▓▓▓ ,, ,, ,
, ,, , , * * * * *** * *, ,, + ,
* * * * * * ** , , , , , * * * *
, , +, ,,,


You could see a bunyip, an eleionoma, 3 tyrant leeches, a spriggan druid, a
will-o-the-wisp and a bog body.

Vanquished Creatures
  2 stone giants (D)
  An ettin (D)
  A fire dragon (D)
  Josephine (D)
  A yaktaur captain (D)
  A rakshasa (D)
  An ogre mage (D)
  An alligator (D)
  A hell knight (D)
  3 orc knights (D)
  A cyclops (D)
  2 ugly things (D)
  2 orc sorcerers (D)
  Psyche (D)
  3 cane toads (D)
  2 black mambas (D)
  A gargoyle (D)
  A rime drake (D)
  A tengu conjurer (D)
  A komodo dragon (D)
  A polar bear (D)
  A hornet (D)
  A dream sheep (D)
  4 wraiths (D)
  2 basilisks (D)
  3 yaks (D)
  Grum (D)
  An acid dragon (D)
  A vampire mosquito (D)
  2 wargs (D)
  A water moccasin (D)
  2 hell hounds (D)
  2 sky beasts (D)
  12 orc warriors (D)
  An eye of draining (shapeshifter) (D)
  A phantom (D)
  7 wolves (D)
  3 bullfrogs (D)
  A scorpion (D)
  A killer bee (D)
  2 hounds (D)
  A jelly (D)
  3 orc wizards (D)
  7 orc priests (D)
  A worker ant (D)
  2 adders (D)
  An ufetubus (D)
  11 orcs (D)
  A jackal (D)
  A kobold (D)
  3 rats (D)
109 creatures vanquished.

Vanquished Creatures (others)
  A slime creature (D)
  A leopard gecko skeleton (D)
  A foxfire (D)
3 creatures vanquished.

Grand Total: 112 creatures vanquished

Notes
Turn   | Place    | Note
-------+----------+-------------------------------------------
     0 | D        | sahdkjhfkaj the Deep Dwarf Fighter began the quest for the
                  | Orb.
     0 | D        | Reached XP level 1. HP: 20/20 MP: 1/1
     8 | D        | Reached skill level 1 in Dodging
    19 | D        | Noticed a worker ant
    19 | D        | Noticed a scorpion
    29 | D        | Killed a scorpion
    30 | D        | Reached skill level 5 in Long Blades
    30 | D        | Reached XP level 2. HP: 17/30 MP: 2/2
    30 | D        | Reached XP level 3. HP: 21/36 MP: 3/3
    35 | D        | Reached skill level 5 in Armour
    35 | D        | Reached XP level 4. HP: 26/44 MP: 4/4
    85 | D        | Found a roughly hewn altar of Beogh.
    85 | D        | Found a snail-covered altar of Cheibriados.
    85 | D        | Found a shadowy altar of Dithmenos.
    85 | D        | Found a white marble altar of Elyvilon.
    85 | D        | Found a blossoming altar of Fedhas.
    85 | D        | Found an opulent altar of Gozag.
    86 | D        | Found a hazy altar of Hepliaklqana.
    87 | D        | Found a viscous altar of Jiyva.
    88 | D        | Found an ancient bone altar of Kikubaaqudgha.
    89 | D        | Found a corrupted altar of Lugonu.
    90 | D        | Found a burning altar of Makhleb.
    91 | D        | Found a sparkling altar of Nemelex Xobeh.
    92 | D        | Found an iron altar of Okawaru.
    93 | D        | Found a stormy altar of Qazlal.
    94 | D        | Found a sacrificial altar of Ru.
    95 | D        | Found a shimmering blue altar of Sif Muna.
    96 | D        | Found a bloodstained altar of Trog.
    97 | D        | Found a hide-covered altar of Uskayaw.
    98 | D        | Found a radiant altar of Vehumet.
   100 | D        | Became a worshipper of Makhleb the Destroyer
   102 | D        | Found an ornate altar of the Wu Jian Council.
   103 | D        | Found a shimmering altar of Xom.
   104 | D        | Found a basalt altar of Yredelemnul.
   105 | D        | Found a glowing silver altar of Zin.
   106 | D        | Found a glowing golden altar of the Shining One.
   156 | D        | Noticed a phantom
   156 | D        | Noticed a sky beast
   162 | D        | Killed a sky beast
   163 | D        | Reached skill level 5 in Fighting
   163 | D        | Reached skill level 5 in Dodging
   163 | D        | Reached XP level 5. HP: 52/52 MP: 5/5
   165 | D        | Reached * piety under Makhleb
   166 | D        | Reached XP level 6. HP: 61/62 MP: 6/6
   185 | D        | Reached ** piety under Makhleb
   193 | D        | Noticed a cyclops
   193 | D        | Noticed a sky beast
   193 | D        | Noticed a gargoyle
   193 | D        | Noticed a basilisk
   193 | D        | Noticed a white ugly thing
   193 | D        | Noticed an acid dragon
   204 | D        | Killed a white ugly thing
   205 | D        | Reached skill level 10 in Long Blades
   205 | D        | Reached XP level 7. HP: 20/72 MP: 7/7
   222 | D        | Killed a basilisk
   223 | D        | Reached XP level 8. HP: 46/81 MP: 7/7
   249 | D        | Killed a gargoyle
   249 | D        | Reached *** piety under Makhleb
   261 | D        | Killed a cyclops
   262 | D        | Reached skill level 10 in Armour
   372 | D        | Noticed a black mamba
   372 | D        | Noticed a cane toad
   372 | D        | Noticed a cane toad
   377 | D        | Killed a cane toad
   378 | D        | Reached skill level 10 in Dodging
   378 | D        | Gained mutation: You passively map the area around you.
                  | [Deep Dwarf growth]
   378 | D        | Reached XP level 9. HP: 85/91 MP: 7/7
   382 | D        | Killed a cane toad
   382 | D        | Reached **** piety under Makhleb
   394 | D        | Killed a black mamba
   416 | D        | Reached ***** piety under Makhleb
   432 | D        | Noticed a black mamba
   432 | D        | Noticed a komodo dragon
   432 | D        | Noticed a polar bear
   432 | D        | Noticed a cane toad
   432 | D        | Noticed a rime drake
   442 | D        | Killed a rime drake
   443 | D        | Reached skill level 10 in Fighting
   448 | D        | Killed a cane toad
   449 | D        | Reached XP level 10. HP: 93/102 MP: 7/7
   469 | D        | Killed a black mamba
   472 | D        | Reached ****** piety under Makhleb
   473 | D        | Paralysed by a hornet for 3 turns
   481 | D        | Reached skill level 15 in Long Blades
   566 | D        | Noticed Psyche
   577 | D        | Killed Psyche
   580 | D        | Noticed Josephine
   590 | D        | Noticed Grum
   603 | D        | Killed Josephine
   633 | D        | Killed Grum
   634 | D        | Reached XP level 11. HP: 80/111 MP: 8/8
   725 | D        | Noticed an orc knight
   751 | D        | Killed an orc knight
   864 | D        | Found Ulymupef's General Store.
   864 | D        | Noticed an orc knight
   873 | D        | Killed an orc knight
   874 | D        | Found Vichocy's Distillery.
   882 | D        | Found Gabusoto's Jewellery Boutique.
   882 | D        | Noticed an orc sorcerer
   884 | D        | Found Aceompill's Armour Shop.
   886 | D        | Paralysed by an orc sorcerer for 7 turns
   887 | D        | Noticed an orc sorcerer
   889 | D        | Noticed an orc knight
   903 | D        | Killed an orc sorcerer
   910 | D        | Killed an orc sorcerer
   935 | D        | Killed an orc knight
   972 | D        | Bought the +8 orange crystal plate armour {Archmagi, Int+3
                  | Clar} for 1734 gold pieces
   972 | D        | Found the +8 orange crystal plate armour {Archmagi, Int+3
                  | Clar}
  1140 | D        | Found the +4 skin of Zhor {Englaciate rC+++ SInv}
  1207 | D        | Noticed a green ugly thing
  1207 | D        | Noticed an ogre mage
  1217 | D        | Reached skill level 1 in Invocations
  1220 | D        | Killed a green ugly thing
  1221 | D        | Noticed a hell knight
  1235 | D        | Reached skill level 5 in Invocations
  1237 | D        | Noticed a rakshasa
  1247 | D        | Killed an ogre mage
  1258 | D        | Killed a rakshasa
  1259 | D        | Reached skill level 10 in Invocations
  1267 | D        | Killed a hell knight
  1330 | D        | Noticed a fire dragon
  1331 | D        | Noticed a stone giant
  1332 | D        | Noticed an ettin
  1333 | D        | Noticed a stone giant
  1335 | D        | Noticed a yaktaur captain
  1352 | D        | Killed a fire dragon
  1359 | D        | Killed a stone giant
  1360 | D        | Reached XP level 12. HP: 17/122 MP: 14/16
  1373 | D        | Killed a stone giant
  1374 | D        | Reached skill level 15 in Invocations
  1378 | D        | Killed an ettin
  1384 | D        | Killed a yaktaur captain
  1486 | D        | Noticed an eleionoma
  1486 | D        | Noticed a bunyip
  1486 | D        | Noticed an alligator
  1492 | D        | Killed an alligator
  1507 | D        | Slain by a tyrant leech

Illustrated notes

Levels and vault maps discovered:
D:        linesprint [early_d, line_temple, items_1, d_10, items_2, lair_1,
          lair_end, items_3, orc_1, orc_end, items_4, d_15, swamp_1, shoals_1,
          snake_1, spider_1, d_20, vaults_1, items_5, swamp_end, shoals_end,
          snake_end, spider_end, vaults_end, d_27, items_6, zot_1, zot_end,
          crypt_end, forest_end, elf_end, slime_end, tomb_end, abyss_end,
          pan_hell_end]

Skill      XL: |  1  2  3  4  5  6  7  8  9 10 11 12 |
---------------+-------------------------------------+-----
Dodging        | 3 5 8 10 11 12 13 | 13.8
Fighting       | 4 5 7 9 10 11 12 | 12.2
Long Blades    | 5 7 8 10 11 12 14 16 17 | 17.4
Armour         | 4 5 6 8 9 10 11 13 14 | 14.2
Invocations    | 14 17 | 17.9
Shields        | |  3.2

Action                   |  1- 3 |  4- 6 |  7- 9 | 10-12 || total
-------------------------+-------+-------+-------+-------++-------
Melee: Long sword        |    23 |     7 |       |       ||    30
       Scimitar          |       |    33 |    98 |   281 ||   412
       Triple sword      |       |       |       |   129 ||   129
 Abil: Heal Wounds       |       |     2 |     8 |    10 ||    20
  Use: Potion            |     1 |       |       |       ||     1
 Stab: Confused          |       |       |       |     1 ||     1
Armor: Scale mail        |     5 |     1 |       |       ||     6
       Ring mail         |       |    10 |    16 |    34 ||    60
       Crystal plate arm |       |       |       |   124 ||   124
Dodge: Dodged            |     9 |    13 |    38 |   158 ||   218
Block: Kite shield       |     5 |    10 |    30 |    67 ||   112
       Rpst.: Long sword |     6 |       |       |       ||     6
       Scimitar          |       |     4 |    11 |    34 ||    49
       Triple sword      |       |       |       |     7 ||     7

Table legend: (Time is in decaauts)
 A = Elapsed time spent in this place.
 B = Non-inter-level travel time spent in this place.
 C = Inter-level travel time spent in this place.
 D = Time resting spent in this place.
 E = Time spent auto-exploring this place.
 F = Levels seen in this place.
 G = Mean time per level.
                   A        B        C        D        E       F      G
               +--------+--------+--------+--------+--------+-----+--------+
         Total |   1465 |   1465 |      0 |     46 |    598 |   1 | 1465.0 |
       Dungeon |   1465 |   1465 |      0 |     46 |    598 |   1 | 1465.0 |
               +--------+--------+--------+--------+--------+-----+--------+

Top non-repeatable levels by time:
       D: 1465 daAuts
